 Dungeon Crawl Stone Soup version 0.29.1-15-g9cfb28693d (webtiles) character file.

Game seed: 13066392140618751472

147 javelincjr the Agent of Entropy (level 5, -2/41 HPs)
             Began as a Demonspawn Abyssal Knight on Mar 24, 2023.
             Was a Priest of Lugonu.
             Slain by an orc
             ... wielding a +1 mace of protection
              (5 damage)
             ... on level 4 of the Dungeon.
             The game lasted 00:09:09 (2895 turns).

javelincjr the Agent of Entropy (DsAK)              Turns: 2895, Time: 00:09:10

Health: -2/41      AC:  7    Str: 14    XL:     5   Next: 7%
Magic:  6/7        EV: 12    Int: 13    God:    Lugonu [***...]
Gold:   91         SH:  0    Dex: 13    Spells: 5/5 levels left

rFire   . . .      SeeInvis .   a - +1 hand axe
rCold   . . .      Faith    .   (no shield)
rNeg    . . .      Spirit   .   b - +0 leather armour
rPois   .          Reflect  .   (no helmet)
rElec   .          Harm     .   (no cloak)
rCorr   .          Rampage  .   o - +2 pair of gloves
Will    .....                   h - +0 pair of boots
Stlth   +.........              (no amulet)
HPRegen 0.13/turn               (no ring)
MPRegen 0.10/turn               (no ring)

@: no status effects
A: ignite blood 1, demonic magic 1, demonic touch 1
a: Renounce Religion, Depart the Abyss, Bend Space, Banish


You were on level 4 of the Dungeon.
You worshipped Lugonu.
Lugonu was most pleased with you.
You visited 1 branch of the dungeon, and saw 4 of its levels.
You visited the Abyss 1 time.

You collected 91 gold pieces.

Inventory:

Hand Weapons
 a - a +1 hand axe (weapon)
 t - a +2 dagger of venom
Missiles
 p - 2 atropa-tipped darts (quivered)
 q - 6 silver boomerangs
Armour
 b - a +0 leather armour (worn)
 h - a +0 pair of boots (worn)
 o - a +2 pair of gloves (worn)
Scrolls
 c - 2 scrolls of torment {unknown}
 g - a scroll of fog {unknown}
 i - a scroll of blinking {unknown}
 j - a scroll of enchant weapon {unknown}
 k - a scroll of amnesia {unknown}
 l - 2 scrolls of identify {unknown}
 n - a scroll of teleportation {unknown}
 s - a scroll of noise {unknown}
Potions
 d - a potion of degeneration {unknown}
 e - 3 potions of mutation {unknown}
 f - a potion of berserk rage {unknown}
 m - a potion of curing {unknown}
 r - a potion of haste {unknown}


   Skills:
 + Level 3.6 Fighting
 + Level 2.6 Axes
 + Level 2.5 Armour
 + Level 2.0 Dodging
 + Level 0.6 Spellcasting
 + Level 3.8 Invocations


You had 5 spell levels left.
You didn't know any spells.
Your spell library contained the following spells:

 Spells                   Type           Power      Damage    Failure   Level
 Beastly Appendage        Tmut           0%         N/A       36%         1
 Wereblood                Tmut           0%         N/A       50%         2
 Spider Form              Tmut/Pois      0%         N/A       73%         3


Dungeon Overview and Level Annotations

Branches:
Dungeon (3/15)

Altars:

Annotations:
D:4 Menkaure


Innate Abilities, Weirdness & Mutations

Your demonic aura sometimes causes spilled blood to erupt in flames.
Spells you cast may paralyse adjacent enemies.
Your touch may inflict minor irresistible damage on your foes.


Message History

Menkaure calls on the powers of darkness!
The orc convulses!
Your body is wracked with pain!
The orc closely misses you.
You hit the orc but do no damage.
The orc is moderately wounded.
The orc hits you but does no damage.
You hit the orc but do no damage. Your touch misses the orc.
The orc is moderately wounded.
The orc hits you with a +1 mace of protection!
Menkaure calls on the powers of darkness!
The orc convulses!
Your body is wracked with pain!
* * * LOW HITPOINT WARNING * * *
You hit the orc but do no damage. Your touch misses the orc.
The orc is heavily wounded.
The orc barely misses you.
The orc hits you with a +1 mace of protection.
* * * LOW HITPOINT WARNING * * *
The orc attacks as you move away! The orc hits you but does no damage.
The orc attacks as you move away! The orc barely misses you.
The orc attacks as you move away! The orc closely misses you.
Items here: ))) [[ ††.
Space bends violently around you!
You blink.
Menkaure blinks!
The orc hits you with a +1 mace of protection.
* * * LOW HITPOINT WARNING * * *
Menkaure shouts, "The sands of time shall wipe you from history!"
The orc attacks as you move away! The orc barely misses you.
The orc attacks as you move away! The orc hits you but does no damage.
Menkaure calls on the powers of darkness!
The orc convulses!
You feel a surge of unholy energy. The orc attacks as you move away!
The orc closely misses you.
Throw: 3 darts (atropa)
Press: ? - help, Q - select action, (/) - cycle Shift-Dir - straight line, f - orc
Aim: an orc, wielding a +1 mace of protection and wearing a +0 leather armour (heavily wounded, 57% to hit, chance to blind on hit: 100%)
You throw an atropa-tipped dart.
The atropa-tipped dart closely misses the orc.
The atropa-tipped dart hits Menkaure.
Menkaure is unaffected.
Menkaure calls on the powers of darkness!
The orc convulses!
Your body is wracked with pain!
* * * LOW HITPOINT WARNING * * *
The orc hits you with a +1 mace of protection.
You die...

#########
#.......#
#.......#
#.......#
#........
#........
#######........
#.......)....[.
##@####........
#o# .......##
#.# #######...
#M# .? #(# . #.#
#)##############
#...............
################


You could see Menkaure (fast) and an orc.

Vanquished Creatures
  2 gnolls
  6 adders (D:2)
  2 worms (D:2)
  A dart slug (D:2)
  3 orcs (D:4)
  6 ball pythons
  3 endoplasms
  2 giant cockroaches (D:1)
  11 goblins
  6 hobgoblins
  5 jackals
  A quokka (D:1)
  A bat (D:1)
  5 frilled lizards
  3 kobolds
  6 rats
63 creatures vanquished.

Vanquished Creatures (others)
  3 fungi (D:1)
  4 plants (D:1)
  2 starspawn tentacles (Abyss:2)
9 creatures vanquished.

Grand Total: 72 creatures vanquished

Notes
Turn   | Place    | Note
-------+----------+-------------------------------------------
     0 | Abyss:1  | javelincjr the Demonspawn Abyssal Knight began the quest
                  | for the Orb.
     0 | Abyss:1  | Reached XP level 1. HP: 18/18 MP: 2/2
    62 | Abyss:2  | Noticed a tentacled starspawn
    75 | Abyss:2  | Noticed a flying skull
    76 | Abyss:2  | Noticed an ophan
    77 | D:1      | Escaped the Abyss
   172 | D:1      | Reached ** piety under Lugonu
   173 | D:1      | Reached skill level 1 in Dodging
   337 | D:1      | Gained mutation: Your demonic aura sometimes causes spilled
                  | blood to erupt in flames. [demonic ancestry]
   337 | D:1      | Reached XP level 2. HP: 23/24 MP: 4/4
   874 | D:1      | Reached XP level 3. HP: 27/29 MP: 5/5
  1126 | D:1      | Found a faded altar of an unknown god.
  1670 | D:2      | Gained mutation: Spells you cast may paralyse adjacent
                  | enemies. [demonic ancestry]
  1670 | D:2      | Reached XP level 4. HP: 32/35 MP: 6/6
  1678 | D:2      | Reached *** piety under Lugonu
  2755 | D:3      | Gained mutation: Your touch may inflict minor irresistible
                  | damage on your foes. [demonic ancestry]
  2755 | D:3      | Reached XP level 5. HP: 39/41 MP: 7/7
  2838 | D:3      | You fall into a shaft and drop 1 floor!
  2869 | D:4      | Noticed Menkaure
  2895 | D:4      | Slain by an orc

Illustrated notes

Levels and vault maps discovered:
D:1:      sevenhm_arrival_forest_fort_large_2, layout_rooms,
          shapermc_ecumenical_altar_acropolis, minmay_octomino_e4
D:2:      layout_basic
D:3:      layout_loops_ring, nicolae_sif_muna_little_library,
          nemelex_xobeh_ov_fountains_minmay, mainiacjoe_overflow_swirl,
          uniq_natasha, uniq_sigmund
D:4:      layout_basic, serial_bayou_pond_c, minmay_goblin_kobold_house,
          uniq_menkaure, uniq_ijyb

Skill      XL: |  1  2  3  4 |
---------------+-------------+-----
Dodging        | 1 2 |  2.0
Axes           | 2 |  2.6
Armour         | 2 |  2.5
Invocations    | 3 |  3.8
Fighting       | |  3.6
Spellcasting   | |  0.6

Action                   |  1- 3 |  4- 6 || total
-------------------------+-------+-------++-------
Melee: Hand axe          |   124 |    92 ||   216
       Touch             |       |     1 ||     1
Throw: Dart              |       |     2 ||     2
Invok: Depart the Abyss  |     1 |       ||     1
       Bend Space        |       |     2 ||     2
Armor: Leather armour    |    38 |    36 ||    74
Dodge: Dodged            |    83 |    68 ||   151
